 Dungeon Sprint DCSS version 0.27.1-2-g3b301248ec (webtiles) character file.

Game seed: 2358822863392284636

16 szrap the Shield-Bearer (level 2, -12/20 HPs)
             Began as a Gargoyle Fighter on Sept 22, 2021.
             Mangled by an ogre (15 damage)
             ... in the Dungeon (Sprint IX: "|||||||||||||||||||||||||||||").
             The game lasted 00:00:24 (66 turns).

szrap the Shield-Bearer (Gargoyle Fighter)            Turns: 66, Time: 00:00:24

Health: -12/20     AC:  9    Str: 19    XL:     2   Next: 58%
Magic:  2/2        EV:  7    Int:  8    God:
Gold:   0          SH:  9    Dex:  9    Spells: 1/1 levels left

rFire    . . .     SeeInvis .   a - +0 flail
rCold    . . .     Faith    .   c - +0 kite shield
rNeg     + . .     Spirit   .   b - +0 scale mail
rPois    ∞         Reflect  .   (no helmet)
rElec    +         Harm     .   (no cloak)
rCorr    .         Rampage  .   (no gloves)
Will     .....     NoTele   +   (no boots)
Stlth    ..........             (no amulet)
HPRegen  0.06/turn              (no ring)
MPRegen  0.08/turn              (no ring)

@: no status effects
A: sickness immunity, AC +2, negative energy resistance 1, electricity
resistance, torment resistance 1, petrification resistance
a: no special abilities


You were in the Dungeon.
You visited 1 branch

Inventory:

Hand Weapons
 a - a +0 flail (weapon)
Armour
 b - a +0 scale mail (worn)
 c - a +0 kite shield (worn)
Scrolls
 j - a scroll of blinking
Potions
 d - a potion of might
 e - a potion of curing
 f - a potion of heal wounds
 g - a potion of haste
 h - 2 potions of magic
 i - a potion of berserk rage


   Skills:
 + Level 4.0 Fighting
 * Level 3.0 Maces & Flails
 + Level 4.1 Armour
 * Level 1.3 Dodging
 + Level 4.2 Shields


You had one spell level left.
You didn't know any spells.
Your spell library was empty.

Dungeon Overview and Level Annotations

Branches:
Dungeon (1/1)

Altars:


Innate Abilities, Weirdness & Mutations

You are immune to sickness and miasma.
Your stone body is resilient. (AC +2)
You are immune to poison.
You resist negative energy. (rN+)
You are resistant to electric shocks. (rElec)
You are resistant to unholy torment.
You are immune to petrification.


Message History

The adder is moderately wounded.
You block the adder's attack. The adder bites you but does no damage.
Your shield prevents you from hitting the adder.
The adder is moderately wounded.
The adder barely misses you.
You miss the adder.
The adder is moderately wounded.
The adder bites you but does no damage. You block the adder's attack.
The adder bites you but does no damage.
You barely miss the adder.
The adder is moderately wounded.
The adder bites you but does no damage. The adder bites you.
You closely miss the adder.
The adder is moderately wounded.
The adder bites you. The adder bites you but does no damage.
Your shield prevents you from hitting the adder.
The adder is moderately wounded.
The adder bites you. The adder bites you but does no damage.
You closely miss the adder.
The adder is moderately wounded.
The adder bites you.
You closely miss the adder.
The adder is moderately wounded.
The adder closely misses you. You block the adder's attack.
You hit the adder.
The adder is almost dead.
You block the adder's attack. The adder bites you but does no damage.
You sock the adder!
You kill the adder!
The ogre hits you with a +0 giant club!
Ouch! That really hurt!
* * * LOW HITPOINT WARNING * * *
Your Fighting skill increases to level 4!
Your Maces & Flails skill increases to level 3!
Your Armour skill increases to level 4!
Your Shields skill increases to level 4!
Your shield prevents you from hitting the ogre.
The ogre hits you with a +0 giant club!
Ouch! That really hurt!
You die...

▓+▓
▓.▓
▓.▓
▓.▓
▓Z▓
▓o▓
▓O▓
▓@▓
▓.▓
▓.▓
▓.▓
▓.▓
▓)▓
▓.▓
▓.▓
▓.▓


You could see an ogre, an orc and an adder zombie.

Vanquished Creatures
  An adder (D)
  A dart slug (D)
  A goblin (D)
  A quokka (D)
  A bat (D)
  2 frilled lizards (D)
7 creatures vanquished.

Notes
Turn   | Place    | Note
-------+----------+-------------------------------------------
     0 | D        | szrap the Gargoyle Fighter began the quest for the Orb.
     0 | D        | Reached XP level 1. HP: 14/14 MP: 1/1
    45 | D        | Noticed an ogre
    48 | D        | Reached skill level 1 in Dodging
    48 | D        | Reached XP level 2. HP: 19/20 MP: 2/2
    66 | D        | Mangled by an ogre

Illustrated notes

Levels and vault maps discovered:
D:        linesprint [early_d, line_temple, items_1, d_10, items_2, lair_1,
          lair_end, items_3, orc_1, orc_end, items_4, d_15, swamp_1, shoals_1,
          snake_1, spider_1, d_20, vaults_1, items_5, swamp_end, shoals_end,
          snake_end, spider_end, vaults_end, d_27, items_6, zot_1, zot_end,
          crypt_end, forest_end, elf_end, slime_end, tomb_end, abyss_end,
          pan_hell_end]

Skill      XL: |  1  2 |
---------------+-------+-----
Dodging        | 1 |  1.3
Fighting       | 4 |  4.0
Maces & Flails | 3 |  3.0
Armour         | 4 |  4.1
Shields        | 4 |  4.2

Action                   || total
-------------------------++-------
Melee: Flail             ||    34
Armor: Scale mail        ||    18
Dodge: Dodged            ||     6
Block: Kite shield       ||    17
